 Dungeon Crawl Stone Soup version bcrawl-1.39.1 (webtiles) character file.

Game seed: 956809055513528999

262394 KristoblXynda the Grappler (level 9, 0/64 HPs)
             Began as a Yellow Draconian Transmuter on Oct 7, 2023.
             Slain by a centaur
             ... wielding a +0 dagger
              (4 damage)
             ... on level 6 of the Dungeon.
             The game lasted 00:13:33 (7228 turns).

KristoblXynda the Grappler (DrTm)                   Turns: 7228, Time: 00:13:34

Health: 0/64       AC:  9    Str: 15    XL:     9   Next: 49%
Magic:  12/12      EV: 14    Int: 19    God:
Gold:   389        SH:  0    Dex: 12    Spells: 8/12 levels left

rFire    . . .     GDR:     24%   - Fists (13.0)
rCold    . . .     SeeInvis .   (no shield)
rNeg     . . .     Gourm    .   (armour unavailable)
rPois    .         Faith    .   (helmet currently unavailable)
rElec    .         Spirit   .   o - +0 cloak
rCorr    +         Reflect  .   (no gloves)
MR       .....                  c - +0 pair of boots
Stlth    +++.......             (no amulet)
HPRegen  0.20/turn              f - ring of stealth
MPRegen  0.13/turn              a - ring of flight

@: brilliant, appendage (expiring), flying, drained
A: spit acid, acid resistance, unfitting armour, horns 3, cold-blooded, AC +7
a: Breathe Acid, End Transformation, Stop Flying


You were on level 6 of the Dungeon.
You were hungry.
You had grown temporary horns.
You visited 1 branch of the dungeon, and saw 6 of its levels.
You also visited: Sewer.

You collected 389 gold pieces.

Inventory:

Missiles
 z - 130 javelins (quivered)
Armour
 c - a +0 pair of boots (worn)
 o - a +0 cloak (worn)
Jewellery
 a - a ring of flight (right hand)
 f - a ring of stealth (left hand)
Wands
 w - a wand of paralysis (4)
Scrolls
 h - 2 scrolls of blinking {unknown}
 j - a scroll of teleportation {unknown}
 l - a scroll of revelation
 m - a scroll of noise {unknown}
 s - a scroll of enchant weapon {unknown}
 t - 3 scrolls of remove curse
 x - a scroll of fog
 B - a scroll of amnesia {unknown}
Potions
 b - 4 potions of curing {unknown}
 d - 2 potions of agility {unknown}
 g - a potion of invisibility {unknown}
 i - a potion of might {unknown}
 k - 2 potions of magic {unknown}
 p - a potion of brilliance
 q - a potion of mutation {unknown}
 r - a potion of degeneration {unknown}
 u - a potion of haste {unknown}
 v - 4 potions of lignification
Comestibles
 e - 7 rations {!d}


   Skills:
 - Level 1.1(0.0) Fighting
 + Level 6.2(5.0) Dodging
 * Level 9.8(8.5) Unarmed Combat
 - Level 2.0(0.9) Spellcasting
 + Level 6.8(5.6) Transmutations


You had 8 spell levels left.
You knew the following spells:

 Your Spells              Type           Power        Failure   Level  Hunger
a - Beastly Appendage     Tmut           ####..       1%          1    None
b - Mephitic Cloud        Conj/Pois/Air  ##......     7%          3    #####..

Your spell library contained the following spells:

 Spells                   Type           Power        Failure   Level  Hunger
 Passwall                 Tmut/Erth      ###.....     1%          2    ###....
 Sticks to Snakes         Tmut           ####....     1%          2    ###....
 Magic Dart               Conj           ##..         2%          1    None
 Spider Form              Tmut/Pois      ###          2%          3    #####..
 Blink                    Tloc           N/A          3%          2    ###....
 Call Imp                 Summ           ##....       3%          2    ###....
 Blade Hands              Tmut           ####......   6%          5    #######
 Conjure Flame            Conj/Fire      ##......     7%          3    #####..
 Ice Form                 Ice/Tmut       ###.....     7%          4    ######.


Dungeon Overview and Level Annotations

Branches:
Dungeon (6/12)
 Temple: D:4-7

Altars:
Cheibriados
Okawaru
Ru
Vehumet
Wu Jian
Zin


Innate Abilities, Weirdness & Mutations

You can spit globs of acid.
You are resistant to acid.
Your golden yellow scales are hard. (AC +7)
You cannot fit into any form of body armour.
You are cold-blooded and may be slowed by cold attacks.
You have a pair of large horns on your head.


Message History

The centaur wields a +0 shortbow.
The centaur shoots an arrow.
The arrow barely misses you. The centaur hits you with a +0 dagger.
* * * LOW HITPOINT WARNING * * *
The kobold shoots a poisoned needle.
The poisoned needle barely misses you. The kobold closely misses you.
The centaur closely misses you.
The kobold unwields a +0 blowgun.
The kobold wields a +0 club.
The kobold hits you but does no damage.
There is an open door here.
You barely miss the centaur.
The centaur is almost dead.
The kobold hits you but does no damage.
The kobold hits you with a cursed +0 war axe!
* * * LOW HITPOINT WARNING * * *
The kobold brigand throws a stone.
The stone hits you but does no damage.
No path to travel!
Okay, then.
It was a potion of brilliance.
You feel clever all of a sudden. The centaur hits you with a +0 dagger.
You die...

########.........##......
.........#########+#....
......#.######## ###..
......#........# ###
......#........# # ...
#K).......# ..
#K#K......# . #.#K......#
#c@KK..)..# ###K......#
+.......# #..c...)#
#........ #........#
####.#..#. #.#.##..


You could see a kobold brigand, 2 centaurs and 6 kobolds.

Vanquished Creatures
  2 hippogriffs (D:6)
  Menkaure (D:5)
  2 sky beasts
  2 ice beasts (D:6)
  2 orc warriors (D:5)
  3 ogres
  2 bullfrogs
  Blork the orc (D:6)
  A centaur (D:5)
  4 scorpions
  8 wights (D:6)
  3 howler monkeys (D:4)
  2 orc priests
  A crimson imp (D:5)
  3 hounds
  A bullfrog skeleton (D:4)
  2 orc wizards (D:3)
  Natasha (thrice) (D:4)
  A killer bee zombie (D:6)
  A hound zombie (D:5)
  A hound skeleton (D:5)
  11 adders
  An ooze (D:4)
  2 worms
  2 dart slugs
  11 leopard geckos
  19 orcs
  7 giant cockroaches
  10 hobgoblins
  15 jackals
  4 quokkas
  7 ball pythons
  7 bats
  10 frilled lizards
  5 goblins
  13 kobolds
  9 rats
179 creatures vanquished.

Vanquished Creatures (others)
  An orc wizard (D:3)
1 creature vanquished.

Grand Total: 180 creatures vanquished

Notes
Turn   | Place    | Note
-------+----------+-------------------------------------------
     0 | D:1      | KristoblXynda the Draconian Transmuter began the quest for
                  | the Orb.
     0 | D:1      | Reached XP level 1. HP: 16/16 MP: 3/3
   175 | D:1      | Reached XP level 2. HP: 7/23 MP: 5/5
   973 | D:1      | Reached XP level 3. HP: 28/28 MP: 6/6
  1597 | D:2      | Found a sacrificial altar of Ru.
  1679 | D:2      | Reached skill level 4 in Unarmed Combat
  2005 | D:3      | Reached XP level 4. HP: 11/35 MP: 7/7
  2060 | D:3      | Found a glowing drain.
  2129 | Sewer    | Entered a sewer
  2337 | Sewer    | Reached XP level 5. HP: 39/40 MP: 8/8
  3225 | D:3      | Reached skill level 5 in Unarmed Combat
  3463 | D:3      | Reached XP level 6. HP: 41/47 MP: 9/9
  3745 | D:3      | Found a radiant altar of Vehumet.
  3746 | D:3      | Found a snail-covered altar of Cheibriados.
  3978 | D:4      | Noticed Natasha
  3992 | D:4      | Killed Natasha
  4048 | D:4      | Reached skill level 6 in Unarmed Combat
  4052 | D:4      | Your scales start taking on a golden yellow colour.
  4052 | D:4      | Reached XP level 7. HP: 25/52 MP: 10/10
  4330 | D:4      | Noticed Natasha
  4348 | D:4      | Killed Natasha
  4554 | D:4      | Noticed Natasha
  4580 | D:4      | Killed Natasha
  4581 | D:4      | Reached skill level 7 in Unarmed Combat
  4627 | D:4      | Found an iron altar of Okawaru.
  4711 | D:4      | Found a glowing silver altar of Zin.
  5208 | D:4      | Learned a level 3 spell: Mephitic Cloud
  5228 | D:5      | Entered Level 5 of the Dungeon
  5244 | D:5      | Reached skill level 5 in Transmutations
  5244 | D:5      | Reached XP level 8. HP: 41/59 MP: 9/11
  5512 | D:5      | Noticed Menkaure
  5669 | D:5      | Killed Menkaure
  5670 | D:5      | Reached skill level 5 in Dodging
  5670 | D:5      | Reached skill level 8 in Unarmed Combat
  5890 | D:5      | Found an ornate altar of the Wu Jian Council.
  6422 | D:6      | Noticed a hippogriff
  6439 | D:6      | Killed a hippogriff
  6440 | D:6      | Reached skill level 9 in Unarmed Combat
  6440 | D:6      | Reached XP level 9. HP: 39/64 MP: 12/12
  6852 | D:6      | Noticed Blork the orc
  6909 | D:6      | Killed Blork the orc
  7228 | D:6      | Slain by a centaur

Skill      XL: |  1  2  3  4  5  6  7  8  9 |
---------------+----------------------------+-----
Dodging        | 2 3 4 5 6 |  6.2
Unarmed Combat | 4 5 6 7 9 |  9.8
Transmutations | 3 4 5 6 |  6.8
Fighting       | |  1.1
Spellcasting   | |  2.0

Action                   |  1- 3 |  4- 6 |  7- 9 || total
-------------------------+-------+-------+-------++-------
Melee: Unarmed           |   114 |   253 |   336 ||   703
       Tailslap          |    10 |    15 |    46 ||    71
       Punch             |     2 |     3 |     8 ||    13
       Short sword       |    24 |    48 |       ||    72
       Kick              |     1 |     3 |       ||     4
       Headbutt          |       |    10 |    25 ||    35
Throw: Javelin           |       |       |     9 ||     9
 Cast: Beastly Appendage |     1 |     8 |    15 ||    24
 Abil: Breathe Acid      |       |       |     5 ||     5
       Evoke Flight      |       |       |     1 ||     1
Evoke: Wand              |       |       |     2 ||     2
  Use: Scroll            |     2 |       |     2 ||     4
       Potion            |       |     3 |     3 ||     6
 Stab: Sleeping          |     6 |     7 |     7 ||    20
       Distracted        |     2 |       |     1 ||     3
       Paralysed         |       |       |     9 ||     9
  Eat: Chunk             |     5 |    15 |    10 ||    30
       Ration            |       |       |     2 ||     2
Armor: Skin              |    43 |    76 |   115 ||   234
Dodge: Dodged            |   113 |   166 |   234 ||   513
